 Dungeon Crawl Stone Soup version 0.31-a0-1576-ga3383bade6 (webtiles) character file.

Game seed: 3620546409267215749

116 Dirtsage the Changeling (level 5, -6/34 HPs)
             Began as an Octopode Shapeshifter on Jan 4, 2024.
             Killed by divine providence
             ... invoked by an orc priest
              (13 damage)
             ... on level 4 of the Dungeon on Jan 5, 2024.
             The game lasted 00:03:45 (1774 turns).

Dirtsage the Changeling (Octopode Shapeshifter)     Turns: 1774, Time: 00:03:45

Health: -6/34      AC:  1    Str: 14    XL:     5   Next: 0%
Magic:  5/5        EV: 13    Int: 12    God:
Gold:   103        SH:  0    Dex: 13    Spells: 4/4 levels left

rFire   + .          .
                       - Unarmed
rCold   . . .        (no shield)
rNeg    . . .        (helmet currently unavailable)
rPois   .            n - amulet of the acrobat
rElec   .            i - ring of willpower
rCorr   .            m - ring of willpower
SInv    .            F - ring of protection from fire
Will    ++...        (no ring)
Stlth   ++           (no ring)
HPRegen 0.25/turn    (no ring)
MPRegen 0.09/turn    (no ring)
                     (no ring)

%: acrobat
@: beast-form
A: beast (slay +2), almost no armour, amphibious, 8 rings, camouflage 1,
gelatinous body 1, (nimble swimmer 1), tentacles
a: Begin Untransformation


You were on level 4 of the Dungeon.
You were a hulking beast.
You visited 1 branch of the dungeon, and saw 4 of its levels.

You collected 103 gold pieces.

Inventory:

Magical Staves
 e - a staff of alchemy
Jewellery
 i - a ring of willpower (left tentacle)
 m - a ring of willpower (right tentacle)
 n - an amulet of the acrobat (around mantle)
 F - a ring of protection from fire (on tentacle)
Talismans
 b - a beast talisman
 c - a flux talisman
Wands
 v - a wand of roots (8)
Scrolls
 j - 5 scrolls of identify {unknown}
 l - a scroll of vulnerability {unknown}
 p - 3 scrolls of fear {unknown}
 q - 4 scrolls of amnesia {unknown}
 r - a scroll of blinking {unknown}
 s - a scroll of teleportation {unknown}
Potions
 a - a potion of lignification
 d - 4 potions of haste {unknown}
 f - a potion of curing {unknown}
 g - a potion of brilliance {unknown}
 h - 2 potions of degeneration {unknown}
 k - a potion of attraction {unknown}
 o - a potion of enlightenment {unknown}
 t - a potion of might {unknown}
 u - a potion of mutation {unknown}


   Skills:
 + Level 2.1 Fighting
 + Level 2.8 Dodging
 + Level 3.6 Unarmed Combat
 * Level 4.0 Shapeshifting


You had 4 spell levels left.
You didn't know any spells.
Your spell library contained the following spells:

 Spells                   Type           Power      Damage    Failure   Level
 Magic Dart               Conj           0%         1d3       32%         1
 Searing Ray              Conj           0%         2d4       45%         2
 Fulminant Prism          Conj/Alch      0%         3d5       97%         4


Dungeon Overview and Level Annotations

Branches:
Dungeon (4/15)             Temple (0/1) D:4

Altars:


Innate Abilities, Weirdness & Mutations

You are a hulking beast.
Your limbs bulge with bestial killing power. (Slay +2)
You cannot wear most types of armour.
You are amphibious.
You can wear up to eight rings at the same time.
Your skin changes colour to match your surroundings (Stealth+).
Your rubbery body absorbs attacks. (AC +1, EV +1)
((You are camouflaged when in or above water. (Stealth+)))
You have tentacles for arms and can constrict up to eight enemies at once.


Message History

You barely miss the jackal. You grab the jackal. You constrict the jackal.
The jackal bites you.
You take 2 damage, and have 27/29 hp.
You tentacle-slap the jackal.
You kill the jackal!
You closely miss the orc.
The orc shouts!
You grab the orc.
You constrict the orc, but do no damage.
You hear a shout!
The orc priest mumbles some strange prayers to Beogh against you.
Beogh smites you! The orc barely misses you.
You take 12 damage, and have 15/29 hp.
MASSIVE DAMAGE!!
You release your grip on the orc.
You see here a giant cockroach corpse.
There is a stone staircase leading up here.
You tentacle-slap the orc. You grab the orc.
The orc is heavily wounded.
You constrict the orc. The orc hits you with a +0 short sword.
You take 5 damage, and have 14/29 hp.
You tentacle-slap the orc.
You kill the orc!
You have reached level 5!
You feel stronger.
You regained 3 hp, and now have 17/34 hp.
MP restored: 5 The orc priest hits you with a +0 flail!
* * * LOW HITPOINT WARNING * * *
Things that are here:
a +0 short sword; a +0 leather armour You take 11 damage, and have 6/34 hp.
MASSIVE DAMAGE!!
You tentacle-slap the orc priest. You grab the orc priest.
The orc priest is lightly wounded.
You constrict the orc priest. The orc priest closely misses you.
You tentacle-slap the orc priest.
The orc priest is moderately wounded.
You constrict the orc priest.
The orc priest calls down the wrath of Beogh upon you.
Beogh smites you!
You die...

###### #oh..#####
#o#<.#... #†#####.#
#o..).#.##
#........# ##
###...>....##.#.#
#................
#....o###≈≈≈###.#
#.#≈...#..≈.###.####


You could see an orc priest and 2 orcs.

Vanquished Creatures
  A bombardier beetle (D:3)
  Jessica (D:3)
  A dart slug (D:3)
  3 ribbon worms
  An orc (D:4)
  3 ball pythons (D:1)
  4 endoplasms
  5 giant cockroaches
  5 goblins
  2 hobgoblins
  5 jackals
  2 kobolds
  A quokka (D:3)
  4 bats
  A frilled lizard (D:1)
  3 rats
42 creatures vanquished.

Notes
Turn   | Place    | Note
-------+----------+-------------------------------------------
     0 | D:1      | Dirtsage the Octopode Shapeshifter began the quest for the
                  | Orb.
     0 | D:1      | Reached XP level 1. HP: 13/13 MP: 1/1
   173 | D:1      | Reached XP level 2. HP: 4/18 MP: 2/2
  1127 | D:2      | Reached XP level 3. HP: 23/23 MP: 3/3
  1432 | D:3      | Identified the scarf of Resonance {harm, Rampage *Slow
                  | Will+++ Dex-3}
  1517 | D:3      | Reached XP level 4. HP: 29/29 MP: 4/4
  1537 | D:3      | Noticed Jessica
  1539 | D:3      | Found a faded altar of an unknown god.
  1541 | D:3      | Killed Jessica
  1692 | D:4      | Reached skill level 4 in Shapeshifting
  1735 | D:4      | Found a staircase to the Ecumenical Temple.
  1771 | D:4      | Reached XP level 5. HP: 17/34 MP: 5/5
  1774 | D:4      | Killed from afar by an orc priest

Illustrated notes

Levels and vault maps discovered:
D:1:      minmay_arrival_floating_metal, layout_loops_ring
D:2:      layout_basic
D:3:      layout_rooms, ebering_ecumenical_altar_ruins, moated_statue,
          minmay_misc_feat_more_columns, uniq_jessica
D:4:      layout_basic, nicolae_qazlal_style_of_elements,
          chequers_temple_overflow_minitemple, minmay_temple_entry_water_ring,
          lightli_ossuary_entry_decrepit_ruins, serial_rivers,
          chequers_serial_rivers_large_b, chequers_serial_rivers_small_b,
          chequers_serial_rivers_micro_a, chequers_serial_rivers_small_b,
          nrook_loot_triangle, minivault_27, chequers_serial_rivers_room_a,
          minmay_misc_feat_nine_boxes, nicolae_zen_rock_garden,
          amethyst_killhole, chequers_serial_rivers_micro_e

Skill      XL: |  1  2  3  4 |
---------------+-------------+-----
Fighting       | 2 |  2.1
Shapeshifting  | 4 |  4.0
Dodging        | |  2.8
Unarmed Combat | |  3.6

Action                     |  1- 3 |  4- 6 || total
---------------------------+-------+-------++-------
  Melee: Unarmed           |    74 |    17 ||    91
         Constrict         |    22 |     7 ||    29
         Tentacles         |    11 |     4 ||    15
         Punch             |     4 |       ||     4
   Stab: Sleeping          |     2 |     1 ||     3
 Armour: Skin              |    16 |     5 ||    21
  Dodge: Dodged            |    53 |     7 ||    60

Table legend: (Time is in decaauts)
 A = Elapsed time spent in this place.
 B = Non-inter-level travel time spent in this place.
 C = Inter-level travel time spent in this place.
 D = Time resting spent in this place.
 E = Time spent auto-exploring this place.
 F = Levels seen in this place.
 G = Mean time per level.
                   A        B        C        D        E       F      G
               +--------+--------+--------+--------+--------+-----+--------+
         Total |   1765 |   1698 |     67 |      0 |   1386 |   4 |  441.2 |
       Dungeon |   1765 |   1698 |     67 |      0 |   1386 |   4 |  441.2 |
               +--------+--------+--------+--------+--------+-----+--------+

Top non-repeatable levels by time:
     D:1: 766 daAuts
     D:2: 520 daAuts
     D:3: 384 daAuts
     D:4: 94 daAuts
